 Dungeon Crawl Stone Soup version 0.25-a0-1073-gf4359a17dd (webtiles) character file.

Game seed: 12154391793267162467, levelgen mode: deterministic

817 kae the Cudgeler (level 7, -2/57 HPs)
             Began as a Demonspawn Fighter on May 14, 2020.
             Was a Follower of Qazlal.
             Slain by an ogre
             ... wielding a +0 giant spiked club
              (15 damage)
             ... on level 4 of the Dungeon.
             The game lasted 00:04:40 (4416 turns).

kae the Cudgeler (Demonspawn Fighter)               Turns: 4416, Time: 00:04:41

Health: -2/57      AC:  8    Str: 19      XL:     7   Next: 62%
Magic:  0/8        EV: 11    Int:  7 (9)  God:    Qazlal [*.....]
Gold:   161        SH: 10    Dex: 10 (12) Spells: 6/6 levels left

rFire    . . .     SeeInvis .   a - +0 flail
rCold    . . .     Gourm    .   c - +0 kite shield
rNeg     . . .     Faith    .   b - +0 scale mail
rPois    .         Spirit   +   (no helmet)
rElec    .         Reflect  .   (no cloak)
rCorr    .         Harm     .   (no gloves)
MR       ++...                  (no boots)
Stlth    ..........             p - amulet of magic regeneration
HPRegen  0.19/turn              r - ring of protection from magic
MPRegen  0.47/turn              i - +4 ring of evasion

@: no status effects
A: slimy green scales 1, magic resistance 1, powered by death 1, screaming 1,
magic shield, magic regeneration
a: Renounce Religion


You were on level 4 of the Dungeon.
You worshipped Qazlal.
Qazlal was aware of your devotion.
You were not hungry.

You visited 1 branch of the dungeon, and saw 4 of its levels.
You also visited: Ossuary.

You collected 161 gold pieces.

Inventory:

Hand Weapons
 a - a +0 flail (weapon)
Armour
 b - a +0 scale mail (worn)
 c - a +0 kite shield (worn)
Jewellery
 i - a +4 ring of evasion (right hand)
 p - an amulet of magic regeneration (around neck)
 r - a ring of protection from magic (left hand)
Wands
 q - a wand of polymorph (10)
Scrolls
 h - a scroll of teleportation
 j - a scroll of remove curse
Potions
 d - 2 potions of might
 e - a potion of magic
 g - a potion of flight
 l - a potion of resistance
 m - a potion of heal wounds
 o - a potion of curing {unknown}
 t - a potion of ambrosia {unknown}
 v - a potion of lignification {unknown}
Comestibles
 f - 14 rations


   Skills:
 + Level 5.6 Fighting
 * Level 6.6 Maces & Flails
 - Level 2.6 Armour
 - Level 2.6 Shields
 + Level 1.6 Invocations


You had 6 spell levels left.
You didn't know any spells.
Your spell library was empty.

Dungeon Overview and Level Annotations

Branches:
Dungeon (4/15)            Ossuary (visited)
 Temple: D:4-7

Altars:
Cheibriados
Qazlal
Ru


Innate Abilities, Weirdness & Mutations

You are partially covered in slimy green scales. (AC +2)
You regenerate a little health from kills.
When hurt, damage is shared between your health and your magic reserves.
You regenerate magic rapidly.
You are resistant to hostile enchantments. (MR+)
You occasionally shout uncontrollably at your foes.


Message History

You are too injured to fight recklessly!
You hit the ogre but do no damage.
The ogre is severely wounded.
The frilled lizard bites you. You block the ogre's attack.
You hit the ogre.
The ogre is almost dead.
The frilled lizard closely misses you. You block the ogre's attack.
The frilled lizard bites you but does no damage.
Your shield and scale mail prevent you from hitting the ogre.
The ogre is almost dead.
The frilled lizard completely misses you.
The ogre hits you with a +0 giant spiked club!!
* * * LOW HITPOINT WARNING * * *
You barely miss the ogre.
The ogre is almost dead.
The frilled lizard barely misses you.
You hit the ogre but do no damage.
The ogre is almost dead.
The ogre hits you with a +0 giant spiked club!!
You die...

##.........###..####..
.###...###............#.
...... ##............<#
.....###..............#
#.....(........#.##.##
##...............#####
#...............<#
##....l.........####
......O@......#.....#
.....................#
....#......%.....#.##...#
.. #.......#.####.....###
..
....#...##).###.......#
.#
#.####.###....#.......#
..# . #. ##...........#
####.## #. #.......8..##
.<....#.#. ..
##..........#


You could see an ogre and a frilled lizard.

Vanquished Creatures
  Sigmund (D:3)
  A phantom (D:3)
  An ogre (D:4)
  2 water moccasin zombies (Ossuary)
  A hound (D:3)
  A gnoll shaman (D:4)
  An orc wizard (D:4)
  A worker ant (D:4)
  A big kobold zombie (Ossuary)
  2 mummies (Ossuary)
  3 adders
  5 gnolls
  A shadow imp (D:3)
  5 adder zombies (Ossuary)
  3 worms
  4 dart slugs
  5 leopard geckos
  3 orcs
  A ball python (D:1)
  2 giant cockroaches
  5 gnoll zombies (Ossuary)
  6 goblins
  5 hobgoblins
  6 jackals (D:2)
  5 kobolds
  2 quokkas (D:3)
  12 bats
  8 frilled lizards
  7 hobgoblin zombies (Ossuary)
  5 kobold zombies (Ossuary)
  A leopard gecko skeleton (D:4)
  5 orc zombies (Ossuary)
  18 rats
129 creatures vanquished.

Notes
Turn   | Place    | Note
-------+----------+-------------------------------------------
     0 | D:1      | kae the Demonspawn Fighter began the quest for the Orb.
     0 | D:1      | Reached XP level 1. HP: 18/18 MP: 1/1
    30 | D:1      | Reached skill level 2 in Maces & Flails
   458 | D:2      | Gained mutation: You are partially covered in slimy green
                  | scales. (AC +2) [demonic ancestry]
   458 | D:2      | Reached XP level 2. HP: 24/24 MP: 2/2
   752 | D:2      | Reached XP level 3. HP: 25/29 MP: 3/3
   802 | D:2      | Reached skill level 3 in Maces & Flails
  1193 | D:2      | Gained mutation: When hurt, damage is shared between your
                  | health and your magic reserves. [demonic ancestry]
  1193 | D:2      | Reached XP level 4. HP: 37/37 MP: 4/4
  1849 | D:3      | Found a transporter.
  1955 | D:3      | Found a transporter.
  1968 | D:3      | Found a sacrificial altar of Ru.
  1968 | D:3      | Found a snail-covered altar of Cheibriados.
  1968 | D:3      | Found a stormy altar of Qazlal.
  2076 | D:3      | Reached skill level 4 in Maces & Flails
  2321 | D:3      | Gained mutation: You regenerate magic rapidly. [demonic
                  | ancestry]
  2321 | D:3      | Reached XP level 5. HP: 24/42 MP: 3/5
  2666 | D:3      | Noticed Sigmund
  2679 | D:3      | Killed Sigmund
  2679 | D:3      | Reached skill level 5 in Maces & Flails
  2679 | D:3      | Reached XP level 6. HP: 42/49 MP: 6/6
  3227 | D:3      | Became a worshipper of Qazlal Stormbringer
  3242 | D:3      | Gained mutation: You occasionally shout uncontrollably at
                  | your foes. [potion of mutation]
  3242 | D:3      | Gained mutation: You are resistant to hostile enchantments.
                  | (MR+) [potion of mutation]
  3505 | D:3      | Reached skill level 5 in Fighting
  3559 | D:4      | Found a sand-covered staircase.
  3604 | Ossuary  | Entered an ossuary
  3806 | Ossuary  | Gained mutation: You regenerate a little health from kills.
                  | [demonic ancestry]
  3806 | Ossuary  | Reached XP level 7. HP: 49/56 MP: 7/7
  3850 | Ossuary  | Reached skill level 6 in Maces & Flails
  3892 | Ossuary  | Reached * piety under Qazlal
  4063 | D:4      | Reached skill level 1 in Invocations
  4416 | D:4      | Slain by an ogre

Illustrated notes

Levels and vault maps discovered:
D:1:      dpeg_arrival_line_fractal, layout_rooms, minmay_pentomino_q4
D:2:      layout_loops_ring, first_ration, minmay_joined_circles
D:3:      layout_loops_corners, gammafunk_temple_overflow_arena,
          kennysheep_generic_room_12, uniq_sigmund
D:4:      layout_cave_pools, nicolae_ossuary_entry_monument, serial_bayou,
          serial_bayou_shore_a, serial_bayou_pond_b, serial_bayou_pond_b,
          serial_bayou_pond_e, st_stairs_10

Skill      XL: |  1  2  3  4  5  6  7 |
---------------+----------------------+-----
Maces & Flails | 2 3 4 5 6 |  6.6
Fighting       | 4 5 |  5.6
Invocations    | 1 |  1.6
Armour         | |  2.6
Shields        | |  2.6

Action                   |  1- 3 |  4- 6 |  7- 9 || total
-------------------------+-------+-------+-------++-------
Melee: Flail             |   148 |   213 |   140 ||   501
  Use: Potion            |       |     6 |       ||     6
       Scroll            |       |     4 |     5 ||     9
  Eat: Chunk             |     1 |     9 |     2 ||    12
Armor: Scale mail        |   109 |    95 |    42 ||   246
Dodge: Dodged            |    52 |   100 |    72 ||   224
Block: Kite shield       |    76 |   127 |    64 ||   267

Table legend:
 A = Non-vault XP
 B = Vault XP
 C = Vault XP percentage of total XP
 D = Non-vault monster count
 E = Vault monster count
 F = Vault count percentage of total count
                 A         B        C        D         E       F
            +---------+---------+-------+---------+---------+-------
      Total |     442 |     726 |  62.2 |      71 |      58 |  45.0
            +---------+---------+-------+---------+---------+-------
        D:1 |      30 |       6 |  16.7 |      19 |       3 |  13.6
        D:2 |      52 |      37 |  41.6 |      28 |      12 |  30.0
        D:3 |     261 |     259 |  49.8 |      18 |       7 |  28.0
        D:4 |      99 |     154 |  60.9 |       6 |       4 |  40.0
    Ossuary |       0 |     270 | 100.0 |       0 |      32 | 100.0
            +---------+---------+-------+---------+---------+-------
